Map: Zen LE

Players

LiquidClem (Clem)

  • Race: Terran Terran
  • League: Master
  • Spawn Location: 1:00

Reynor - Winner!

  • Race: Zerg Zerg
  • League: Master
  • Spawn Location: 7:00

Event: Shopify TSL 5

VOD

Have the link to the VOD?

Description

Time

  • Played on: May 30, 2020, 12:03 p.m.
  • Length: 12:24

All games in this series

Show
View Real Time Build Order
Export as new Build Order

LiquidClem Terran 

Build Orders: Reaper Expand, Hellion Banshee 

Get SALT Encoding   

  12  0:00  SCV  
  13  0:12  SCV  
  14  0:17  Supply Depot  
  14  0:24  SCV  
  15  0:38  SCV  
  15  0:39  Barracks  
  16  0:43  Refinery  
  16  0:50  SCV  
  17  1:02  SCV  
  18  1:15  SCV  
  19  1:26  Reaper  
  19  1:27  Orbital Command  
  20  1:40  Command Center  
  20  1:49  Supply Depot  
  20  1:52  SCV  
  22  2:03  Marine  
  22  2:04  SCV  
  22  2:08  Factory  
  23  2:16  Refinery  
  23  2:17  SCV  
  23  2:21  Barracks Reactor  
  24  2:29  SCV  
  25  2:41  SCV  
  26  2:51  Orbital Command  
  26  2:54  SCV, Starport  
  27  3:01  Hellion x2  
  31  3:06  SCV, Barracks Tech Lab  
  32  3:14  Supply Depot  
  32  3:18  SCV x2  
  34  3:24  Hellion x2  
  38  3:30  SCV  
  38  3:31  SCV  
  40  3:38  Cloaking Field, Banshee  
  43  3:44  SCV  
  43  3:45  SCV  
  43  3:47  Supply Depot  
  45  3:49  Hellion  
  45  3:51  Hellion  
  45  3:55  Barracks Tech Lab  
  49  3:56  SCV  
  49  3:58  SCV  
  51  4:09  SCV  
  52  4:10  SCV  
  53  4:21  SCV, Banshee  
  53  4:22  SCV  
  53  4:23  Command Center  
  58  4:30  Marine  
  59  4:33  SCV  
  59  4:36  SCV, Factory Reactor  
  59  4:38  Barracks  
  61  4:39  Barracks  
  61  4:40  Supply Depot  
  61  4:45  SCV  
  62  4:52  Engineering Bay  
  62  4:53  Engineering Bay  
  62  4:59  Stimpack  
  62  5:02  SCV, Marine  
  62  5:03  SCV  
  62  5:04  Refinery  
  62  5:06  Refinery  
  65  5:11  Supply Depot  
  65  5:12  Starport Reactor  
  65  5:14  SCV  
  65  5:17  SCV  
  65  5:19  Marine  
  68  5:22  Terran Infantry Weapons Level 1  
  68  5:23  Terran Infantry Armor Level 1  
  68  5:26  SCV, Supply Depot  
  68  5:28  Marine  
  70  5:32  SCV, Siege Tank, Marine  
  75  5:40  Marine  
  75  5:41  SCV  
  77  5:42  Marine  
  77  5:45  Marine x2, Orbital Command  
  80  5:51  Marine  
  80  5:52  SCV  
  80  5:53  SCV  
  83  6:00  Marine  
  83  6:02  Orbital Command  
  83  6:03  Barracks x2  
  84  6:04  SCV  
  84  6:05  Siege Tank  
  84  6:08  Medivac x2  
  92  6:11  Marine x2, Supply Depot  
  92  6:12  Marine  
  92  6:14  SCV  
  92  6:15  Marine  
  92  6:18  SCV  
  98  6:20  Marine  
  99  6:28  SCV, Supply Depot x2  
  99  6:30  SCV  
  101  6:33  SCV  
  101  6:36  Marine x2  
  101  6:39  Combat Shield  
  104  6:40  Siege Tank  
  104  6:44  SCV x2  
  109  6:49  Marine x2  
  109  6:51  SCV, Barracks Reactor x2  
  109  6:53  Supply Depot  
  99  6:56  Marine x3  
  99  6:57  SCV  
  103  7:03  SCV  
  103  7:06  Marine  
  105  7:08  SCV  
  105  7:10  SCV, Refinery  
  105  7:11  Factory  
  105  7:14  Missile Turret, Marine x2  
  108  7:15  Missile Turret x2  
  108  7:16  SCV, Supply Depot  
  108  7:17  Marine  
  108  7:21  Marine  
  107  7:24  Marine  
  107  7:25  SCV x2  
  101  7:34  Marine  
  101  7:35  SCV  
  93  7:37  SCV, Marine  
  93  7:40  Marine  
  93  7:44  SCV, Widow Mine  
  97  7:47  SCV, Armory  
  97  7:48  Marine x2  
  97  7:50  Marine  
  99  7:52  Marine x3  
  99  7:56  Marine  
  99  7:57  SCV x2  
  99  7:58  Marine x2  
  104  7:59  Factory Reactor  
  104  8:02  SCV  
  106  8:06  Marine x2  
  106  8:08  Marine  
  106  8:11  Medivac  
  111  8:13  SCV, Marine  
  111  8:16  Marine  
  109  8:20  Marine x2  
  109  8:21  Supply Depot  
  109  8:22  Marine, Supply Depot  
  109  8:24  Marine x3  
  109  8:26  Marine, Widow Mine  
  118  8:30  Marine  
  118  8:32  Medivac  
  118  8:34  Marine  
  121  8:37  Drilling Claws, Marine  
  121  8:38  Marine, Widow Mine x2  
  128  8:41  Marine, Medivac  
  128  8:42  Marine  
  128  8:45  Marine  
  128  8:48  Terran Infantry Weapons Level 2  
  131  8:52  Terran Infantry Armor Level 2  
  128  8:57  Marine  
  128  8:58  Marine  
  128  8:59  Marine x2  
  128  9:01  Widow Mine x2  
  128  9:02  Marine, Widow Mine  
  124  9:05  SCV  
  124  9:08  Medivac  
  124  9:09  Marine  
  124  9:13  Marine  
  124  9:15  Marine x2  
  124  9:17  Marine x3  
  124  9:18  Medivac  
  126  9:25  Widow Mine x2  
  130  9:31  Command Center  
  130  9:34  Widow Mine  
  130  9:36  Marine x2  
  130  9:37  Marine x2  
  136  9:38  Medivac  
  136  9:39  Terran Vehicle And Ship Armor Level 1  
  135  9:46  Marine  
  135  9:49  Marine  
  135  9:51  Widow Mine x2  
  135  9:52  Marine x2  
  139  9:54  Marine  
  139  9:55  Marine, Thor  
  139  9:59  Marine, Supply Depot  
  148  10:00  Marine  
  148  10:04  SCV  
  148  10:05  Supply Depot  
  148  10:06  Medivac  
  152  10:10  Marine x2  
  152  10:12  Marine  
  152  10:13  Widow Mine  
  157  10:17  Marine x3  
  157  10:21  Marine  
  151  10:23  Marine, Widow Mine  
  151  10:25  Medivac  
  151  10:26  Supply Depot  
  151  10:27  Marine  
  149  10:34  Factory  
  149  10:35  Marauder  
  149  10:38  Siege Tank  
  149  10:39  SCV  
  153  10:43  SCV, Marine x2  
  153  10:45  SCV  
  153  10:53  Widow Mine  
  153  10:54  Marine x2  
  153  10:56  SCV x2  
  153  10:57  Marine x4, Marauder  
  147  11:01  Marine  
  147  11:03  SCV  
  129  11:07  Marine  
  129  11:08  SCV  
  129  11:10  SCV  
  124  11:24  Siege Tank  
  124  11:25  SCV  
  128  11:27  Marauder  
  128  11:28  SCV  
  121  11:42  SCV  
  121  11:43  SCV  
  121  11:46  SCV  
  124  11:51  Marine  
  115  11:54  SCV, Marine x2  
  115  11:55  SCV  
  115  11:59  Widow Mine  
  124  12:04  Marine  
  124  12:05  Marine  
Show
View Real Time Build Order
Export as new Build Order

Reynor Zerg - Winner!

Build Orders: Hatch First, Lurkers, Muta Ling Bane 

Get SALT Encoding   

  12  0:00  Drone  
  13  0:12  Overlord  
  13  0:16  Drone  
  14  0:30  Drone x2  
  16  0:47  Hatchery  
  15  0:51  Drone  
  15  0:55  Drone  
  17  0:58  Drone  
  18  1:08  Extractor  
  17  1:14  Spawning Pool  
  17  1:16  Drone  
  17  1:20  Drone  
  18  1:27  Drone  
  19  1:38  Drone  
  20  1:55  Hatchery  
  20  2:00  Queen  
  22  2:01  Zergling x2  
  22  2:02  Zergling x2  
  22  2:06  Drone  
  24  2:14  Queen  
  26  2:23  Extractor, Overlord  
  26  2:26  Drone  
  26  2:27  Drone  
  27  2:38  Metabolic Boost, Drone  
  27  2:43  Queen  
  30  2:49  Drone x2  
  32  2:52  Drone  
  32  2:53  Drone  
  32  2:56  Drone  
  35  2:59  Drone  
  36  3:06  Queen  
  36  3:08  Drone  
  39  3:13  Zergling x2  
  39  3:15  Overlord  
  39  3:18  Drone x2  
  42  3:27  Overlord  
  42  3:33  Queen  
  44  3:34  Drone  
  44  3:35  Drone x3  
  44  3:37  Drone  
  44  3:38  Zergling x2  
  50  3:46  Drone x2  
  50  3:47  Drone  
  53  3:50  Zergling x2  
  53  3:51  Queen  
  53  3:55  Drone  
  57  4:00  Zergling x2  
  57  4:01  Overlord  
  58  4:07  Lair  
  58  4:10  Extractor  
  58  4:11  Overlord  
  58  4:14  Zergling x2  
  58  4:18  Overlord  
  58  4:21  Zergling x2  
  59  4:24  Overlord  
  59  4:27  Overlord  
  59  4:30  Drone x6  
  65  4:35  Zergling x2  
  65  4:37  Zergling x2  
  65  4:38  Zergling x2  
  68  4:39  Drone x2  
  68  4:40  Drone  
  68  4:42  Spore Crawler x3  
  68  4:44  Drone  
  69  4:46  Drone  
  69  4:48  Drone  
  71  4:53  Drone x3  
  71  4:58  Overlord  
  74  5:03  Drone x2  
  74  5:04  Drone x3  
  74  5:05  Overseer  
  79  5:08  Extractor  
  79  5:10  Extractor  
  79  5:13  Spire  
  76  5:15  Drone x3  
  76  5:16  Extractor  
  76  5:17  Drone  
  76  5:18  Drone  
  76  5:19  Zergling x2  
  76  5:20  Zergling x2  
  76  5:21  Drone  
  83  5:22  Drone  
  83  5:24  Extractor  
  83  5:25  Drone  
  83  5:28  Overlord  
  84  5:33  Drone x2  
  86  5:39  Drone x5  
  86  5:42  Overlord  
  86  5:46  Drone x3  
  86  5:49  Baneling Nest  
  88  5:57  Drone x2  
  88  5:58  Hatchery  
  88  5:59  Spore Crawler  
  87  6:05  Drone  
  87  6:07  Zergling x12  
  87  6:09  Queen  
  87  6:10  Zergling x2  
  97  6:12  Zergling x2  
  97  6:18  Zergling x2  
  99  6:19  Hatchery  
  99  6:20  Zergling x8  
  99  6:22  Zergling x2  
  99  6:25  Evolution Chamber  
  103  6:26  Mutalisk  
  103  6:27  Evolution Chamber, Mutalisk x2  
  103  6:28  Mutalisk  
  110  6:34  Mutalisk, Centrifical Hooks  
  110  6:36  Overlord  
  112  6:42  Zergling x2  
  112  6:44  Overlord  
  110  6:47  Mutalisk x2  
  110  6:49  Zergling x2  
  110  6:53  Zerg Ground Armor Level 1  
  113  6:58  Zergling x12, Zerg Melee Weapons Level 1  
  113  6:59  Zergling x2  
  113  7:00  Baneling x4  
  120  7:07  Baneling x4  
  120  7:09  Zergling x4  
  120  7:12  Mutalisk  
  120  7:14  Zergling x4  
  120  7:15  Zergling x2  
  127  7:17  Baneling x3  
  127  7:21  Hatchery  
  124  7:27  Zergling x14  
  123  7:32  Zergling x6  
  123  7:35  Zergling x2  
  115  7:41  Drone x5  
  115  7:44  Drone x3  
  123  7:45  Drone x2  
  123  7:49  Drone x3  
  128  7:52  Baneling x3  
  128  7:54  Drone  
  128  7:55  Drone  
  128  7:56  Drone  
  131  8:00  Overlord  
  131  8:03  Infestation Pit, Hydralisk Den  
  128  8:09  Mutalisk x2  
  128  8:12  Drone x4  
  127  8:13  Drone  
  127  8:16  Zergling x2  
  127  8:17  Zergling x16  
  133  8:21  Baneling  
  133  8:22  Baneling x9  
  133  8:25  Drone x3  
  136  8:30  Zergling x4  
  136  8:33  Zergling x6, Lurker Den  
  140  8:35  Extractor  
  140  8:36  Extractor  
  139  8:41  Queen, Drone x2  
  139  8:46  Baneling  
  139  8:47  Baneling x5  
  142  8:49  Zerg Ground Armor Level 2  
  142  8:50  Zergling x16  
  142  8:54  Baneling x4  
  147  8:57  Zergling x8  
  147  9:00  Zergling x6  
  149  9:04  Overlord x2  
  149  9:06  Hive  
  149  9:07  Zerg Missile Weapons Level 1  
  149  9:09  Zergling x8  
  145  9:12  Zergling x10  
  149  9:24  Hydralisk x6  
  148  9:30  Zergling x12  
  166  9:35  Baneling x4  
  166  9:39  Pneumatized Carapace  
  166  9:41  Baneling  
  166  9:42  Baneling x5  
  164  9:46  Baneling  
  164  9:47  Baneling x5, Hatchery  
  164  9:49  Zergling x10  
  164  9:52  Overlord  
  156  9:54  Zergling x8, Lurker  
  156  9:55  Zergling x10  
  156  9:58  Lurker  
  166  10:01  Overlord  
  166  10:09  Overlord  
  166  10:12  Lurker x3  
  166  10:13  Drone x7  
  174  10:15  Extractor x2  
  174  10:16  Drone x2, Overlord  
  174  10:27  Zergling x24  
  181  10:32  Drone  
  181  10:35  Seismic Spines  
  182  10:36  Swarm Host  
  182  10:38  Drone x5  
  182  10:41  Zergling x16  
  198  10:49  Overlord  
  194  10:50  Zergling x10  
  194  10:52  Lurker  
  194  10:54  Zergling x2  
  179  11:00  Zergling x4  
  179  11:01  Zergling x4  
  172  11:05  Zergling x2  
  172  11:09  Hydralisk x7  
  182  11:15  Queen  
  182  11:17  Zergling x6  
  182  11:20  Baneling x8  
  182  11:24  Hydralisk  
  182  11:25  Zergling x8  
  185  11:28  Overseer x2  
  185  11:30  Hydralisk  
  185  11:32  Zergling x2, Hydralisk  
  180  11:34  Hydralisk  
  180  11:35  Zergling x6  
  180  11:39  Hydralisk  
  179  11:40  Zergling x4  
  179  11:46  Hydralisk  
  186  11:47  Zergling x22  
  186  11:50  Overlord  
  198  11:56  Zergling x2  
  198  11:57  Zergling x4  
  193  12:04  Zergling x16  
Tags
 
Add a new tag
Caveats
  • Supply blocks, unpowered buildings, or Contaminate may cause inaccurate times.
  • Supply counts are checked every 10 seconds.